 Dungeon Sprint DCSS version 0.30-a0-691-g754fce4c43 (webtiles) character file.

Game seed: 13622216653329148407

1204 BigDaddyOpFi the Cleaver (level 8, 0/82 HPs)
             Began as a Hill Orc Berserker on Jan 19, 2023.
             Was a Priest of Trog.
             Slain by a centaur warrior (4 damage)
             ... in the Dungeon (Sprint I: "Red Sonja").
             The game lasted 00:01:27 (881 turns).

BigDaddyOpFi the Cleaver (Hill Orc Berserker)        Turns: 881, Time: 00:01:27

Health: 0/82       AC: 14    Str: 22    XL:     8   Next: 45%
Magic:  8/8        EV: 13    Int:  7    God:    Trog [***...]
Gold:   414        SH:  0    Dex: 10    Spells: 7/7 levels left

rFire   . . .      SeeInvis .    b - +4 scythe (protect)
rCold   . . .      Faith    .    (shield currently unavailable)
rNeg    . . .      Spirit   .    j - +0 ring mail
rPois   .          Reflect  .    (no helmet)
rElec   .          Harm     .    (no cloak)
rCorr   .          Rampage  .    (no gloves)
Will    .....      NoTele   +    (no boots) Stlth
                                 (no amulet)
HPRegen 0.33/turn                (no ring)
MPRegen 0.11/turn                (no ring)

@: under a protective aura, on berserk cooldown, slowed, very slow
A: no striking features
a: Renounce Religion, Berserk, Trog's Hand


You were in the Dungeon.
You worshipped Trog.
Trog was most pleased with you.
You visited 1 branch You collected 414 gold pieces.

Inventory:

Hand Weapons
 a - a +0 hand axe
 b - a +4 scythe of protection (weapon)
Armour
 j - a +0 ring mail (worn)
Wands
 i - a wand of flame (16) (quivered)
Scrolls
 h - a scroll of blinking
Potions
 d - a potion of heal wounds
 f - 2 potions of magic
 g - a potion of berserk rage


   Skills:
 + Level 11.5 Fighting
 + Level 12.4 Axes
 + Level 10.2 Armour
 + Level 7.8 Dodging


You had 7 spell levels left.
You didn't know any spells.
Your spell library was empty.

Dungeon Overview and Level Annotations

Branches:
Dungeon (1/1)

Altars:
Cheibriados
Dithmenos
Elyvilon
Fedhas
Gozag
Hepliaklqana
Kikubaaqudgha
Makhleb
Nemelex Xobeh
Okawaru
Qazlal
Ru
Sif Muna
Trog
Uskayaw
Vehumet
Wu Jian
Xom
Yredelemnul
Zin
The Shining One
Jiyva
Lugonu

Shops:
D :


Message History

You slice the centaur warrior!!
You kill the centaur warrior!
Trog accepts your kill.
The centaur warrior wields a +0 longbow.
The centaur warrior shoots an arrow.
The arrow hits you!
* * * LOW HITPOINT WARNING * * *
Your Fighting skill increases to level 11!
Your Axes skill increases to level 12!
Your Armour skill gained 2 levels and is now at level 10!
Your Dodging skill increases to level 7!
You have reached level 8!
You are too berserk!
The centaur warrior unwields a +0 longbow.
The centaur warrior barely misses you. The centaur warrior misses you.
Things that are here:
a +0 shortbow; a +2 pair of gloves; a centaur corpse You barely miss the centaur warrior.
The centaur warrior hits you but does no damage.
The centaur warrior kicks you but does no damage.
You barely miss the centaur warrior.
The centaur warrior hits you but does no damage.
The centaur warrior kicks you but does no damage.
You slice the centaur warrior!!
The centaur warrior is heavily wounded.
The centaur warrior hits you but does no damage.
The centaur warrior kicks you but does no damage.
The centaur warrior hits you!
* * * LOW HITPOINT WARNING * * *
The centaur warrior kicks you.
* * * LOW HITPOINT WARNING * * *
You hit the centaur warrior.
The centaur warrior is heavily wounded.
The centaur warrior barely misses you.
The centaur warrior kicks you but does no damage.
You puncture the centaur warrior!
The centaur warrior is severely wounded.
You are no longer berserk.
You are exhausted.
You feel yourself slow down. The centaur warrior hits you.
You die...

######################
#<.#..)..#..'..#__#..+
#..'[.#..'[.#..'..'..#
#..#####'#####'#__####
#..####..#...#.####§§#
#..#__####..##@#§§§§c#
#..#_____##'#§c§§§~§.+
#⌠⌠#_.∩...'..§§#§§§§.#
####_..__##_.#'##+####
#_____###+#)# #######
###


You could see a centaur warrior.

Vanquished Creatures
  A centaur warrior (D)
  A slime creature (D)
  Sigmund (D)
  A yak (D)
  An ogre (D)
  A jelly (D)
  Ijyb (D)
7 creatures vanquished.

Vanquished Creatures (others)
  A gargoyle (D)
1 creature vanquished.

Grand Total: 8 creatures vanquished

Notes
Turn   | Place    | Note
-------+----------+-------------------------------------------
     0 | D        | BigDaddyOpFi the Hill Orc Berserker began the quest for the
                  | Orb.
     0 | D        | Reached XP level 1. HP: 19/19 MP: 1/1
     2 | D        | Noticed Ijyb
    11 | D        | Killed Ijyb
    12 | D        | Reached skill level 5 in Fighting
    12 | D        | Reached skill level 5 in Axes
    12 | D        | Reached XP level 2. HP: 24/29 MP: 2/2
    12 | D        | Reached XP level 3. HP: 30/36 MP: 3/3
   181 | D        | Noticed an ogre
   187 | D        | Killed an ogre
   188 | D        | Reached skill level 7 in Axes
   188 | D        | Reached skill level 5 in Armour
   188 | D        | Reached XP level 4. HP: 45/45 MP: 4/4
   211 | D        | Noticed Sigmund
   232 | D        | Killed Sigmund
   232 | D        | Reached ** piety under Trog
   233 | D        | Reached skill level 9 in Axes
   233 | D        | Reached skill level 5 in Dodging
   233 | D        | Reached XP level 5. HP: 11/56 MP: 5/5
   233 | D        | Reached XP level 6. HP: 13/62 MP: 6/6
   634 | D        | Found an ornate altar of the Wu Jian Council.
   634 | D        | Found a shimmering blue altar of Sif Muna.
   636 | D        | Found a radiant altar of Vehumet.
   648 | D        | Killed a gargoyle
   653 | D        | Found a burning altar of Makhleb.
   653 | D        | Found a viscous altar of Jiyva.
   653 | D        | Found a shimmering altar of Xom.
   653 | D        | Found a corrupted altar of Lugonu.
   653 | D        | Noticed a slime creature
   658 | D        | Killed a slime creature
   659 | D        | Reached skill level 10 in Axes
   659 | D        | Reached XP level 7. HP: 70/70 MP: 7/7
   734 | D        | Found Qougha Rato's Book Emporium.
   734 | D        | Found an ancient bone altar of Kikubaaqudgha.
   734 | D        | Found a hazy altar of Hepliaklqana.
   734 | D        | Found a stormy altar of Qazlal.
   734 | D        | Found a hide-covered altar of Uskayaw.
   734 | D        | Found a blossoming altar of Fedhas.
   734 | D        | Found a bloodstained altar of Trog.
   734 | D        | Found an iron altar of Okawaru.
   734 | D        | Found a basalt altar of Yredelemnul.
   734 | D        | Found a glowing golden altar of the Shining One.
   734 | D        | Found a snail-covered altar of Cheibriados.
   734 | D        | Found a sacrificial altar of Ru.
   734 | D        | Found a glowing silver altar of Zin.
   734 | D        | Found a shadowy altar of Dithmenos.
   734 | D        | Found a white marble altar of Elyvilon.
   734 | D        | Noticed a yak
   738 | D        | Killed a yak
   739 | D        | Reached skill level 10 in Fighting
   739 | D        | Reached skill level 11 in Axes
   739 | D        | Found an opulent altar of Gozag.
   740 | D        | Found a sparkling altar of Nemelex Xobeh.
   859 | D        | Noticed a centaur warrior
   859 | D        | Noticed a centaur warrior
   875 | D        | Killed a centaur warrior
   875 | D        | Reached *** piety under Trog
   876 | D        | Reached skill level 12 in Axes
   876 | D        | Reached skill level 10 in Armour
   876 | D        | Reached XP level 8. HP: 17/82 MP: 8/8
   879 | D        | HP: 6/123 [centaur warrior (12)]
   881 | D        | Slain by a centaur warrior

Illustrated notes

Levels and vault maps discovered:
D:        dungeon_sprint_1 [red_sonja_temple_1, red_sonja_temple_small_1]

Skill      XL: |  1  2  3  4  5  6  7 |
---------------+----------------------+-----
Fighting       | 5 6 8 9 11 | 11.5
Axes           | 5 7 9 10 12 | 12.4
Armour         | 3 5 7 8 10 | 10.2
Dodging        | 2 4 5 6 7 |  7.8

Action                   |  1- 3 |  4- 6 |  7- 9 || total
-------------------------+-------+-------+-------++-------
Melee: Hand axe          |    12 |    16 |       ||    28
       Punch             |       |     1 |       ||     1
       Halberd           |       |     6 |    16 ||    22
Invok: Berserk           |     2 |     1 |     2 ||     5
  Use: Potion            |       |     2 |       ||     2
Armor: Ring mail         |       |     2 |    15 ||    17
Dodge: Dodged            |     5 |     2 |    11 ||    18

Table legend: (Time is in decaauts)
 A = Elapsed time spent in this place.
 B = Non-inter-level travel time spent in this place.
 C = Inter-level travel time spent in this place.
 D = Time resting spent in this place.
 E = Time spent auto-exploring this place.
 F = Levels seen in this place.
 G = Mean time per level.
                   A        B        C        D        E       F      G
               +--------+--------+--------+--------+--------+-----+--------+
         Total |    892 |    892 |      0 |    702 |      0 |   1 |  892.0 |
       Dungeon |    892 |    892 |      0 |    702 |      0 |   1 |  892.0 |
               +--------+--------+--------+--------+--------+-----+--------+

Top non-repeatable levels by time:
       D: 892 daAuts
